 Dungeon Crawl Stone Soup version 0.30-a0-672-gc3a7216ad8 (webtiles) character file.

Game seed: 14607165619499510155

228 Orangeyouglad the Slasher (level 6, -2/37 (48) HPs)
             Began as a Barachi Reaver on Jan 19, 2023.
             Slain by Crazy Yiuf
             ... wielding a +3 quarterstaff of chaos
              (4 damage)
             ... on level 3 of the Dungeon.
             The game lasted 00:07:28 (2582 turns).

Orangeyouglad the Slasher (Barachi Reaver)          Turns: 2582, Time: 00:07:28

HP:   -2/37 (48)    AC: 11    Str: 13    XL:     6   Next: 2%
MP:   9/10          EV:  9    Int: 15    God:
Gold: 143           SH:  0    Dex: 11    Spells: 5/11 levels left

rFire   . . .      SeeInvis .    a - +0 falchion
rCold   . . .      Faith    .    (no shield)
rNeg    . . .      Spirit   .    n - +4 scale mail {Will+}
rPois   .          Reflect  .    (no helmet)
rElec   .          Harm     .    (no cloak)
rCorr   .          Rampage  .    q - +0 pair of gloves
Will    +....                    (no boots) Stlth
                                 (no amulet)
HPRegen 0.26/turn                (no ring)
MPRegen 0.12/turn                (no ring)

@: slowed, heavily drained, very slow
A: amphibious, slowness 1, strong legs 1, +LOS
a: Hop


You were on level 3 of the Dungeon.
You visited 1 branch of the dungeon, and saw 3 of its levels.

You collected 143 gold pieces.

Inventory:

Hand Weapons
 a - a +0 falchion (weapon)
Missiles
 h - 9 poisoned darts (quivered)
Armour
 b - a +0 leather armour
 n - a +4 scale mail of willpower (worn)
 q - a +0 pair of gloves (worn)
Wands
 r - a wand of mindburst (13)
 t - a wand of polymorph (13)
Scrolls
 d - a scroll of torment {unknown}
 e - a scroll of fog {unknown}
 f - a scroll of magic mapping {unknown}
 g - a scroll of immolation {unknown}
 j - a scroll of blinking {unknown}
 k - a scroll of silence {unknown}
 l - 4 scrolls of fear {unknown}
 m - a scroll of noise {unknown}
 o - 3 scrolls of identify {unknown}
 s - a scroll of acquirement {unknown}
Potions
 c - 3 potions of curing {unknown}
 i - a potion of degeneration {unknown}
 p - 3 potions of lignification {unknown}


   Skills:
 + Level 3.9 Fighting
 + Level 4.7 Long Blades
 + Level 3.5 Dodging
 + Level 3.2 Spellcasting
 + Level 4.4 Conjurations


You had 5 spell levels left.
You knew the following spells:

 Your Spells              Type           Power      Damage    Failure   Level
a - Kiss of Death         Conj/Necr      36%        2d8       36%         1
b - Momentum Strike       Conj/Tloc      18%        3d8       52%         2
c - Hailstorm             Conj/Ice       9%         3d4       75%         3

Your spell library contained the following spells:

 Spells                   Type           Power      Damage    Failure   Level
 Confusing Touch          Hex            2%         N/A       96%         3
 Dispel Undead            Necr           2%         3d7       100%        4


Dungeon Overview and Level Annotations

Branches:
Dungeon (3/15)

Altars:
Kikubaaqudgha
Wu Jian

Annotations:
D:3 Crazy Yiuf


Innate Abilities, Weirdness & Mutations

You are amphibious.
You cover ground slowly.
You can hop short distances.
You have an extended range of vision and can be seen from far away.


Message History

There is an open door here.
Found an ornate altar of the Wu Jian Council.
For a moment, you catch a glimpse of warriors who walked this path long ago.
There is an ornate altar of the Wu Jian Council here.
There is an ornate altar of the Wu Jian Council here.
You enter the deep water.
You enter the deep water.
There is an open door here.
Things that are here:
a +0 chain mail; a hobgoblin skeleton
There is an open door here.
Crazy Yiuf shouts!
Press: ? - help, v - describe, . - travel
Here: Crazy Yiuf, wielding a +3 quarterstaff of chaos and wearing a +1 cloak (fire blocked by a runed translucent door)
The floor.
Okay, then.
Okay, then.
You open the door.
Casting: Kiss of Death (safe; 36% risk of failure)
Confirm with . or Enter, or press ? or * to list all spells.
Aiming: Kiss of Death (safe; 36% risk of failure)
Press: ? - help, Shift-Dir - straight line, f - Crazy Yiuf
Aim: Crazy Yiuf, wielding a +3 quarterstaff of chaos and wearing a +1 cloak (100% to hit)
The negative energy hits Crazy Yiuf.
Crazy Yiuf is drained!
Crazy Yiuf is heavily wounded.
You feel drained.
Crazy Yiuf hits you with a +3 quarterstaff of chaos!
You feel yourself slow down.
You hit Crazy Yiuf.
Crazy Yiuf is severely wounded.
Crazy Yiuf closely misses you.
You hit Crazy Yiuf.
Crazy Yiuf is severely wounded.
Crazy Yiuf hits you with a +3 quarterstaff of chaos!
Crazy Yiuf freezes you.
* * * LOW HITPOINT WARNING * * *
Crazy Yiuf hits you with a +3 quarterstaff of chaos!
* * * LOW HITPOINT WARNING * * *
Crazy Yiuf burns you.
You die...

#.# ##########
#.......≈≈≈ #†#
#.......... #.#
#.......... #.#
##......... #.#
#......... #.#
######## #.>.......
#<# ##....#.### ###
########.. #.#
###......#..##...#
#.. #.#
#.......####@g...#
#.. #'###.#....##
###..)# #..
........#### ### #..
........# #..
........# #..
........# ####### #..
........### #.....#
########..
........'.### #.....#
#......###
........#...###.....#
#.........


You could see Crazy Yiuf (very drained).

Vanquished Creatures
  An orc priest (D:3)
  Jessica (D:2)
  Ijyb (D:3)
  Terence (D:2)
  Robin (D:3)
  3 adders
  4 dart slugs
  2 orcs (D:3)
  7 ball pythons
  2 bats (D:2)
  3 endoplasms
  3 giant cockroaches (D:1)
  11 goblins
  14 hobgoblins
  6 jackals
  3 kobolds
  A quokka (D:2)
  3 frilled lizards
  3 rats
70 creatures vanquished.

Notes
Turn   | Place    | Note
-------+----------+-------------------------------------------
     0 | D:1      | Orangeyouglad the Barachi Reaver began the quest for the
                  | Orb.
     0 | D:1      | Reached XP level 1. HP: 17/17 MP: 3/3
   130 | D:1      | Reached XP level 2. HP: 19/23 MP: 5/5
   614 | D:1      | Reached XP level 3. HP: 28/28 MP: 6/6
  1130 | D:2      | Noticed Jessica
  1138 | D:2      | Killed Jessica
  1139 | D:2      | Reached XP level 4. HP: 29/35 MP: 6/8
  1175 | D:2      | Noticed Terence
  1184 | D:2      | Killed Terence
  1689 | D:3      | Reached XP level 5. HP: 38/38 MP: 9/9
  1696 | D:3      | Found an ancient bone altar of Kikubaaqudgha.
  1906 | D:3      | Noticed Robin
  1959 | D:3      | Killed Robin
  2125 | D:3      | Noticed Ijyb
  2136 | D:3      | Killed Ijyb
  2168 | D:3      | Learned a level 2 spell: Momentum Strike
  2172 | D:3      | Learned a level 3 spell: Hailstorm
  2285 | D:3      | Found a runed translucent door.
  2286 | D:3      | Noticed Crazy Yiuf
  2345 | D:3      | Reached XP level 6. HP: 39/45 MP: 10/10
  2385 | D:3      | Found a faded altar of an unknown god.
  2498 | D:3      | Found an ornate altar of the Wu Jian Council.
  2506 | D:3      | Noticed a spectral centipede
  2506 | D:3      | Noticed a spectral black mamba
  2506 | D:3      | Noticed a spectral cane toad
  2582 | D:3      | Slain by Crazy Yiuf

Illustrated notes

Levels and vault maps discovered:
D:1:      dpeg_arrival_another_circle, layout_loops_ring, minivault_24,
          hangedman_decor_growths, minmay_tiny_reverse_x
D:2:      layout_loops_ring, uniq_jessica, uniq_terence
D:3:      layout_basic, mainiacjoe_overflow_catwalk,
          pdpol_wu_jian_five_deadly_venoms, ebering_ecumenical_altar_webs,
          uniq_robin, uniq_ijyb, uniq_crazy_yiuf_cottage

Skill      XL: |  1  2  3  4  5 |
---------------+----------------+-----
Long Blades    | 4 |  4.7
Fighting       | 3 |  3.9
Dodging        | 3 |  3.5
Conjurations   | 4 |  4.4
Spellcasting   | 3 |  3.2

Action                   |  1- 3 |  4- 6 || total
-------------------------+-------+-------++-------
Melee: Falchion          |    83 |   130 ||   213
       Punch             |       |     3 ||     3
       Unarmed           |       |     6 ||     6
Throw: Dart              |    34 |    36 ||    70
 Cast: Kiss of Death     |       |     3 ||     3
 Abil: Hop               |     1 |     1 ||     2
Armor: Leather armour    |    28 |       ||    28
       Scale mail        |       |    81 ||    81
       Skin              |       |     2 ||     2
Dodge: Dodged            |    54 |    51 ||   105

Table legend: (Time is in decaauts)
 A = Elapsed time spent in this place.
 B = Non-inter-level travel time spent in this place.
 C = Inter-level travel time spent in this place.
 D = Time resting spent in this place.
 E = Time spent auto-exploring this place.
 F = Levels seen in this place.
 G = Mean time per level.
                   A        B        C        D        E       F      G
               +--------+--------+--------+--------+--------+-----+--------+
         Total |   2972 |   2911 |     61 |      0 |   2127 |   3 |  990.7 |
       Dungeon |   2972 |   2911 |     61 |      0 |   2127 |   3 |  990.7 |
               +--------+--------+--------+--------+--------+-----+--------+

Top non-repeatable levels by time:
     D:3: 1013 daAuts
     D:2: 1007 daAuts
     D:1: 951 daAuts
